 Dungeon Crawl Stone Soup version 0.25.1-2-g60ff931df9 (webtiles) character file.

Game seed: 1764981431571442943

30 DearestLeader the Skirmisher (level 3, 0/29 HPs)
             Began as a Demonspawn Abyssal Knight on Sept 13, 2020.
             Was a Follower of Lugonu.
             Succumbed to an adder's poison
             ... on level 2 of the Dungeon.
             The game lasted 00:02:18 (950 turns).

DearestLeader the Skirmisher (DsAK)                  Turns: 950, Time: 00:02:18

Health: 0/29       AC:  3    Str: 13    XL:     3   Next: 3%
Magic:  5/5        EV: 15    Int: 13    God:    Lugonu [*.....]
Gold:   29         SH:  0    Dex: 12    Spells: 2/2 levels left

rFire    . . .     SeeInvis .   a - +1 mace
rCold    . . .     Gourm    .   (no shield)
rNeg     . . .     Faith    .   b - +0 leather armour
rPois    .         Spirit   .   (no helmet)
rElec    .         Reflect  .   (no cloak)
rCorr    .         Harm     .   (no gloves)
MR       .....                  (no boots)
Stlth    +.........             (no amulet)
HPRegen  0.09/turn              g - +4 ring of evasion
MPRegen  0.09/turn              (no ring)

@: lethally poisoned (0 -> -3)
A: hooves 1, demonic guardian 1
a: Depart the Abyss, Renounce Religion


You were on level 2 of the Dungeon.
You worshipped Lugonu.
Lugonu was aware of your devotion.
You were not hungry.

You visited 1 branch of the dungeon, and saw 2 of its levels.
You visited the Abyss 1 time.

You collected 29 gold pieces.

Inventory:

Hand Weapons
 a - a +1 mace (weapon)
Armour
 b - a +0 leather armour (worn)
Jewellery
 g - a +4 ring of evasion (left hand)
Potions
 e - a potion of resistance
Comestibles
 c - 3 rations
 f - 5 chunks of flesh


   Skills:
 - Level 3.0 Fighting
 * Level 2.6 Maces & Flails
 + Level 2.2 Armour
 - Level 1.0 Dodging
 + Level 3.0 Invocations


You had 2 spell levels left.
You didn't know any spells.
Your spell library was empty.

Dungeon Overview and Level Annotations

Branches:
Dungeon (2/15)

Altars:


Innate Abilities, Weirdness & Mutations

You have large cloven feet.
A weak demonic guardian rushes to your aid.


Message History

* * * LOW HITPOINT WARNING * * *
You feel sick.
* * * LOW HITPOINT WARNING * * *
You feel sick.
* * * LOW HITPOINT WARNING * * *
You feel sick.
* * * LOW HITPOINT WARNING * * *
You feel sick.
You see here a pink potion.
d - a pink potion It was a potion of magic.
Magic courses through your body.
* * * LOW HITPOINT WARNING * * *
You feel sick.
* * * LOW HITPOINT WARNING * * *
You feel sick.
* * * LOW HITPOINT WARNING * * *
You feel sick.
* * * LOW HITPOINT WARNING * * *
You feel sick.
You die...

#### #.. #.#
######.######
#.....@<....##
#.####.###.#.####
#.# #.##.......#
#.# #......8.8..
#.# ####.8.....8
#.#######........
#......†...##+##.
#########.## #..#


There were no monsters in sight!

Vanquished Creatures
  An adder (D:2)
  A dart slug (D:1)
  5 goblins (D:1)
  4 hobgoblins (D:1)
  2 bats (D:1)
  6 rats (D:1)
  2 toadstools (D:1)
21 creatures vanquished.

Vanquished Creatures (others)
  2 toadstools (D:1)
2 creatures vanquished.

Grand Total: 23 creatures vanquished

Notes
Turn   | Place    | Note
-------+----------+-------------------------------------------
     0 | Abyss:1  | DearestLeader the Demonspawn Abyssal Knight began the quest
                  | for the Orb.
     0 | Abyss:1  | Reached XP level 1. HP: 18/18 MP: 2/2
     0 | Abyss:1  | Found a shattered altar of Ashenzari.
     4 | Abyss:1  | Found a sacrificial altar of Ru.
    44 | D:1      | Escaped the Abyss
   141 | D:1      | Reached skill level 1 in Dodging
   348 | D:1      | Gained mutation: A weak demonic guardian rushes to your
                  | aid. [demonic ancestry]
   348 | D:1      | Reached XP level 2. HP: 24/24 MP: 3/3
   931 | D:2      | Gained mutation: You have large cloven feet. [demonic
                  | ancestry]
   931 | D:2      | Reached XP level 3. HP: 10/29 MP: 5/5
   944 | D:2      | HP: 1/29 [poisoned by an adder]
   950 | D:2      | Succumbed to an adder's poison

Illustrated notes

Levels and vault maps discovered:
D:1:      ldierk_water_garden, layout_loops_ring
D:2:      layout_loops_ring, kennysheep_vampire_church, zin_statuary,
          nicolae_overflow_hidden_temple, riverfiend_overflow_shadow_ancestor

Skill      XL: |  1  2 |
---------------+-------+-----
Dodging        | 1 |  1.0
Maces & Flails | 2 |  2.6
Armour         | 2 |  2.2
Invocations    | 3 |  3.0
Fighting       | |  3.0

Action                   || total
-------------------------++-------
Melee: Mace              ||    56
  Use: Scroll            ||     2
       Potion            ||     1
Armor: Leather armour    ||    21
Dodge: Dodged            ||    34
